 Dungeon Crawl Stone Soup version 0.30-a0-310-g7d6cbdfea6 (webtiles) character file.

Game seed: 5521532365070416403

2 IdlyInterested the Caller (level 1, 0/15 HPs)
             Began as a Demonspawn Wanderer on Oct 24, 2022.
             Slain by a jackal (3 damage)
             ... on level 1 of the Dungeon.
             The game lasted 00:01:01 (53 turns).

IdlyInterested the Caller (Demonspawn Wanderer)       Turns: 53, Time: 00:01:01

Health: 0/15       AC:  3    Str: 15    XL:     1   Next: 33%
Magic:  2/2        EV: 11    Int: 11    God:
Gold:   17         SH:  0    Dex: 11    Spells: 1/2 levels left

rFire   . . .      SeeInvis .    a - +0 hand axe
rCold   . . .      Faith    .    (no shield)
rNeg    . . .      Spirit   .    d - +0 leather armour
rPois   .          Reflect  .    (no helmet)
rElec   .          Harm     .    (no cloak)
rCorr   .          Rampage  .    (no gloves)
Will    .....                    (no boots)
Stlth   +.........               (no amulet)
HPRegen 0.22/turn                (no ring)
MPRegen 0.08/turn                (no ring)

@: no status effects
A: no striking features
a: no special abilities


You were on level 1 of the Dungeon.
You visited 1 branch of the dungeon, and saw 1 of its levels.

You collected 17 gold pieces.

Inventory:

Hand Weapons
 a - a +0 hand axe (weapon)
Armour
 d - a +0 leather armour (worn)
Wands
 b - a wand of polymorph (4)
Scrolls
 e - a scroll of identify {unknown}
Potions
 c - a potion of curing


   Skills:
 * Level 1.1 Fighting
 + Level 2.7 Axes
 - Level 1.0 Spellcasting
 - Level 4.0 Summonings
 * Level 1.1 Evocations


You had one spell level left.
You knew the following spells:

 Your Spells              Type           Power      Damage    Failure   Level
a - Summon Small Mammal   Summ           36%        N/A       8%          1

Your spell library contained the following spells:

 Spells                   Type           Power      Damage    Failure   Level
 Summon Guardian Golem    Hex/Summ       4%         N/A       45%         3
 Summon Lightning Spire   Summ/Air       4%         N/A       86%         4


Dungeon Overview and Level Annotations

Branches:
Dungeon (1/15)

Altars:


Message History

You hit the kobold.
You kill the kobold!
You barely miss the ball python.
The ball python bites you but does no damage.
The ball python barely misses you. The ball python closely misses you.
The ball python barely misses you.
You hit the ball python.
You kill the ball python!
The jackal bites you but does no damage.
You barely miss the jackal. The jackal closely misses you.
You barely miss the jackal. The jackal misses you.
A ball python comes into view.
The jackal barely misses you.
The ball python hisses angrily.
You hit the jackal but do no damage.
The jackal bites you but does no damage.
You hit the jackal.
The jackal is severely wounded.
The jackal barely misses you. The jackal bites you.
You closely miss the jackal.
The jackal is severely wounded.
The jackal barely misses you. The jackal misses you.
You completely miss the jackal.
The jackal is severely wounded.
The jackal bites you.
* * * LOW HITPOINT WARNING * * *
The jackal closely misses you.
You miss the jackal.
The jackal is severely wounded.
The jackal barely misses you.
You closely miss the jackal.
The jackal is severely wounded.
The jackal closely misses you. x2
You completely miss the jackal.
The jackal is severely wounded.
The jackal bites you but does no damage. x2
You closely miss the jackal.
The jackal is severely wounded.
The jackal bites you.
You die...

#. ... # #.#.#.#
##..... ....##.#<#
.>.#.# #....##©#.#
..#.# ##########..
#.#.# ##.####### #.#
#...# #....©##.. .# #
#..###......##. #
##..##>g##........##.
.......rh@.##......##
##.#..#h#####...#..#
##.S.# ##.###.#
>...#.# #.# #.#
......#h# #.# #†#
..... #.# #.# #.#
..... #h# #.# #.#
.... #.# #.# #.# ....
#.# #.# #.#


You could see 2 jackals, a goblin, a ball python and a rat.

Vanquished Creatures
  A kobold (D:1)
  A ball python (D:1)
  A frilled lizard (D:1)
3 creatures vanquished.

Notes
Turn   | Place    | Note
-------+----------+-------------------------------------------
     0 | D:1      | IdlyInterested the Demonspawn Wanderer began the quest for
                  | the Orb.
     0 | D:1      | IdlyInterested set off with the following items: a +0 hand
                  | axe, a wand of polymorph (4), a potion of curing, a +0
                  | leather armour; and the following spell memorised: Summon
                  | Small Mammal; and the following spells available to
                  | memorise: Summon Guardian Golem, Summon Lightning Spire.
     0 | D:1      | Reached XP level 1. HP: 15/15 MP: 2/2
    53 | D:1      | Slain by a jackal

Illustrated notes

Levels and vault maps discovered:
D:1:      spicycebolla_arrival_risky_transporter, layout_rooms,
          shapermc_ecumenical_altar_venn, minmay_statues_item

Action                   || total
-------------------------++-------
Melee: Hand axe          ||    22
Armor: Leather armour    ||    12
Dodge: Dodged            ||    19

Table legend: (Time is in decaauts)
 A = Elapsed time spent in this place.
 B = Non-inter-level travel time spent in this place.
 C = Inter-level travel time spent in this place.
 D = Time resting spent in this place.
 E = Time spent auto-exploring this place.
 F = Levels seen in this place.
 G = Mean time per level.
                   A        B        C        D        E       F      G
               +--------+--------+--------+--------+--------+-----+--------+
         Total |     56 |     56 |      0 |      0 |     12 |   1 |   56.0 |
       Dungeon |     56 |     56 |      0 |      0 |     12 |   1 |   56.0 |
               +--------+--------+--------+--------+--------+-----+--------+

Top non-repeatable levels by time:
     D:1: 56 daAuts
